 Dungeon Crawl Stone Soup version 0.21.0-24-g2553a33 (webtiles) character file.

4608 Gorglomux the Fighter (level 10, -18/136 HPs)
             Began as a Minotaur Skald on Jan 19, 2018.
             Was a Priest of Trog.
             Demolished by an ice devil (22 damage)
             ... summoned by a kobold demonologist
             ... on level 9 of the Dungeon.
             The game lasted 00:11:35 (8947 turns).

Gorglomux the Fighter (Minotaur Skald)              Turns: 8947, Time: 00:11:36

Health: -18/136    AC: 16    Str: 23    XL:     10   Next: 19%
Magic:  11/11      EV: 10    Int: 10    God:    Trog [***...]
Gold:   476        SH:  0    Dex: 11    Spells: 10/11 levels left

rFire    . . .     SeeInvis .   N - +0 war axe
rCold    . . .     Gourm    .   (no shield)
rNeg     . . .     Faith    +   i - +0 plate armour
rPois    +         Spirit   .   B - +1 hat
rElec    .         Reflect  .   E - +0 cloak
rCorr    .         Harm     .   (no gloves)
MR       .....                  (no boots)
Stlth    ..........             O - amulet of faith
HPRegen  0.32/turn              o - ring of poison resistance
MPRegen  0.12/turn              (no ring)

@: berserking, very quick
A: retaliatory headbutt, horns 2
a: Berserk, Trog's Hand, Burn Spellbooks, Renounce Religion


You were on level 9 of the Dungeon.
You worshipped Trog.
Trog was most pleased with you.
You were hungry.

You visited 2 branches of the dungeon, and saw 10 of its levels.
You also visited: Ossuary.

You collected 476 gold pieces.

Inventory:

Hand Weapons
 N - a +0 war axe (weapon)
Missiles
 Z - 3 throwing nets (quivered)
Armour
 i - a +0 plate armour (worn)
 w - a cursed +0 shield
 B - a +1 hat (worn)
 E - a +0 cloak (worn)
Jewellery
 o - a ring of poison resistance (left hand)
 u - a cursed ring of loudness {unknown}
 D - a cursed -2 ring of strength {unknown}
 O - an amulet of faith (around neck)
Wands
 A - a wand of acid (10)
 I - a wand of iceblast (5)
 P - a wand of paralysis (15)
Scrolls
 h - 2 scrolls of amnesia {unknown}
 x - a scroll of immolation {unknown}
 y - a scroll of blinking {unknown}
 F - a scroll of acquirement {unknown}
 H - 3 scrolls of fear {unknown}
 K - 2 scrolls of silence {unknown}
 L - a scroll of fog {unknown}
 M - 4 scrolls of magic mapping
 R - 14 scrolls of identify
 S - 2 scrolls of enchant weapon {unknown}
 T - 9 scrolls of teleportation
 W - 3 scrolls of noise {unknown}
 X - 3 scrolls of enchant armour {unknown}
 Y - 3 scrolls of remove curse {unknown}
Potions
 t - a potion of cancellation {unknown}
 v - a potion of magic
 z - 4 potions of berserk rage {unknown}
 C - a potion of mutation {unknown}
 J - 2 potions of flight {unknown}
 Q - 8 potions of curing
 U - 2 potions of agility
 V - 2 potions of brilliance
Books
 G - a book of Misfortune

   Spells                             Type                      Level
   a - Confusing Touch                Hexes                        1
   b - Confuse                        Hexes                        3
   c - Gell's Gravitas                Translocation                3
   d - Petrify                        Transmutation/Earth          4
   e - Metabolic Englaciation         Hexes/Ice                    5
   f - Yara's Violent Unravelling     Hexes/Transmutation          5
   Trog disapproves of the use of such an item.
Comestibles
 d - 10 rations
 s - 4 chunks of flesh


   Skills:
 + Level 9.3 Fighting
 + Level 9.2 Axes
 + Level 9.0 Armour
 + Level 8.5 Dodging
 - Level 1.3 Spellcasting
 - Level 2.0 Charms


You had 10 spell levels left.
You knew the following spells:

 Your Spells              Type           Power        Failure   Level  Hunger
a - Infusion              Chrm           #...         88%         1    ##.....


Dungeon Overview and Level Annotations

Branches:
Dungeon (9/15)             Temple (1/1) D:4
   Lair: D:8-11         Orc: D:9-12

Altars:
Ashenzari
Cheibriados
Dithmenos
Elyvilon
Fedhas
Gozag
Hepliaklqana
Kikubaaqudgha
Makhleb
Nemelex Xobeh
Okawaru
Qazlal
Ru
Sif Muna
Trog
Uskayaw
Vehumet
Wu Jian
Xom
Yredelemnul
Zin
The Shining One

Shops:
D:7 %   D:9 [


Innate Abilities, Weirdness & Mutations

You reflexively headbutt those who attack you in melee.
You have a pair of horns on your head.


Message History

The ice devil freezes you!!! * * * don't die
* * * The kobold demonologist closely misses you!
You barely miss the kobold demonologist!
The kobold demonologist is severely wounded!
Your plate armour prevents butt from butt the hellwing!
You open the ice devil but do no damage!
You open the butt kobold like a pillowcase!
You chop the big kobold into pieces!!!!!!
You annihilate the big kobold!!!
Trog roars: BUTT!
The hellwing hits you!!! * * * don't die
* * * The butt hits you but does no damage!
The big kobold throws a stone!
The stone closely misses you!
The stone hits the hellwing but does no damage!
The ice devil hits you! * * * don't die
* * * The ice devil butts you!!!!!! rip #.......# #.......# #KKKK...# #KKKK...# #K.KKKK.# #K4KKKK.# #K(KKKK.#

#@#### #44..# ####.##
#.....# #### #.....#
...######### #.....#
##.........#####.....#
#########....֠.....#
#######.....#


You could see a hellwing, an ice devil, a kobold demonologist, a chaos spawn, 15
big kobolds and 7 kobolds.

Vanquished Creatures
  A troll (D:9)
  A hornet (D:9)
  Eustachio (D:6)
  Edmund (D:6)
  2 water moccasins
  An orc warrior (D:8)
  A sky beast (D:6)
  3 ice beasts
  A black bear (D:7)
  2 phantoms
  4 ogres
  4 centaurs
  4 big kobolds
  5 bullfrogs
  3 elf zombies (Ossuary)
  A wyvern skeleton (D:7)
  2 scorpions (D:6)
  A water moccasin skeleton (D:6)
  An electric eel (D:6)
  3 wights (D:9)
  3 howler monkeys
  2 crimson imps
  3 centaur zombies (D:5)
  2 bullfrog zombies
  A quasit (D:7)
  A hound (D:6)
  A jelly (D:9)
  2 orc wizards
  A bullfrog skeleton (D:8)
  2 orc priests (D:5)
  2 centaur skeletons
  An iguana (D:4)
  Ijyb (D:4)
  Terence (D:2)
  5 worker ants
  A big kobold zombie (Ossuary)
  3 hound zombies
  4 mummies (Ossuary)
  A howler monkey skeleton (D:5)
  A worker ant zombie (D:5)
  4 gnolls (D:7)
  6 adders
  2 shadow imps
  4 worms
  2 dart slugs (D:3)
  4 leopard geckos
  16 orcs
  7 bats
  8 giant cockroaches
  2 gnoll zombies (Ossuary)
  6 goblins
  4 hobgoblins
  2 jackals (D:4)
  16 kobolds
  2 quokkas
  A ball python (D:1)
  8 frilled lizards
  3 jackal zombies (Ossuary)
  A kobold zombie (Ossuary)
  A leopard gecko zombie (D:5)
  A quokka skeleton (D:9)
  8 rats
  2 rat zombies (D:4)
190 creatures vanquished.

Notes
Turn   | Place    | Note
-------+----------+-------------------------------------------
     0 | D:1      | Gorglomux the Minotaur Skald began the quest for the Orb.
     0 | D:1      | Reached XP level 1. HP: 18/18 MP: 1/1
    86 | D:1      | Reached XP level 2. HP: 21/25 MP: 3/3
  1061 | D:2      | Reached skill level 3 in Fighting
  1061 | D:2      | Reached skill level 3 in Axes
  1089 | D:2      | Reached XP level 3. HP: 26/31 MP: 4/4
  1426 | D:2      | Noticed Terence
  1477 | D:2      | Killed Terence
  1477 | D:2      | Reached skill level 3 in Dodging
  1477 | D:2      | Reached XP level 4. HP: 9/38 MP: 5/5
  1970 | D:3      | Found a radiant altar of Vehumet.
  1982 | D:3      | Found an ancient bone altar of Kikubaaqudgha.
  1983 | D:3      | Found a deep blue altar of Sif Muna.
  1986 | D:3      | Identified Sif Muna's Collected Works on Transmigration
  2356 | D:3      | Noticed a hand axe
  2357 | D:3      | Noticed a dagger
  2357 | D:3      | Found a hide-covered altar of Uskayaw.
  2684 | D:3      | Reached skill level 3 in Armour
  3016 | D:4      | Found a basalt altar of Yredelemnul.
  3029 | D:4      | Reached XP level 5. HP: 23/46 MP: 6/6
  3128 | D:4      | Found a sand-covered staircase.
  3178 | Ossuary  | Entered an ossuary
  3370 | Ossuary  | Reached XP level 6. HP: 10/52 MP: 7/7
  4284 | D:4      | Reached XP level 7. HP: 50/61 MP: 8/8
  4298 | D:4      | Found a staircase to the Ecumenical Temple.
  4329 | Temple   | Entered the Ecumenical Temple
  4505 | Temple   | Became a worshipper of Trog the Wrathful
  4557 | D:4      | Noticed Ijyb
  4562 | D:4      | Killed Ijyb
  4907 | D:5      | Entered Level 5 of the Dungeon
  5027 | D:5      | Reached * piety under Trog
  5521 | D:5      | Reached XP level 8. HP: 70/70 MP: 9/9
  5552 | D:5      | Reached skill level 6 in Fighting
  5552 | D:5      | Reached skill level 6 in Axes
  6062 | D:6      | Noticed Edmund
  6072 | D:6      | Killed Edmund
  6128 | D:6      | Reached skill level 6 in Armour
  6138 | D:6      | Noticed Eustachio
  6162 | D:6      | Killed Eustachio
  6162 | D:6      | Reached skill level 6 in Dodging
  6453 | D:6      | Found a glowing golden altar of the Shining One.
  6575 | D:6      | Reached XP level 9. HP: 51/79 MP: 10/10
  7078 | D:7      | Found Ojyupn's Food Shop.
  7119 | D:7      | Reached ** piety under Trog
  8035 | D:8      | Found a stormy altar of Qazlal.
  8119 | D:8      | Reached *** piety under Trog
  8570 | D:9      | Noticed a troll
  8578 | D:9      | Killed a troll
  8616 | D:9      | Found Rado Paseh's Armour Boutique.
  8640 | D:9      | Reached XP level 10. HP: 79/90 MP: 11/11
  8723 | D:9      | Reached skill level 9 in Fighting
  8723 | D:9      | Reached skill level 9 in Axes
  8893 | D:9      | Paralysed by a hornet for 2 turns
  8942 | D:9      | Reached skill level 9 in Armour
  8947 | D:9      | HP: 4/136 [ice devil[a kobold demonologist] (4)]
  8947 | D:9      | Demolished by an ice devil

Skill      XL: |  1  2  3  4  5  6  7  8  9 10 |
---------------+-------------------------------+-----
Armour         | 2 3 4 5 7 8 9 |  9.0
Fighting       | 3 4 5 7 8 9 |  9.3
Axes           | 3 4 5 7 8 9 |  9.2
Dodging        | 3 4 5 6 8 |  8.5
Spellcasting   | |  1.3
Charms         | |  2.0

Action                   |  1- 3 |  4- 6 |  7- 9 | 10-12 || total
-------------------------+-------+-------+-------+-------++-------
Melee: Hand axe          |    96 |   224 |    44 |       ||   364
       Headbutt          |     8 |    38 |    62 |     9 ||   117
       War axe           |       |       |   290 |    45 ||   335
Throw: Throwing net      |     1 |       |       |       ||     1
Invok: Berserk           |       |       |    10 |     2 ||    12
       Burn Spellbooks   |       |       |     2 |       ||     2
       Trog's Hand       |       |       |     1 |       ||     1
Evoke: Wand              |       |       |     2 |       ||     2
  Use: Scroll            |       |     6 |       |       ||     6
       Potion            |       |     1 |       |       ||     1
  Eat: Chunk             |     2 |     6 |    19 |       ||    27
       Ration            |       |     1 |     1 |     1 ||     3
Armor: Leather armour    |    29 |       |       |       ||    29
       Plate armour      |       |   146 |   291 |    29 ||   466
       Scale mail        |       |    22 |       |       ||    22
Dodge: Dodged            |    76 |    96 |   128 |    26 ||   326
